[ AOE2 MATCH · #505085549 ]
UnrankedEthiopians vs Persians
Player's team · WIN
Rival team · LOSS
[ REPLAY ANALYSIS · EXTRACTED FROM THE RECORDED GAME ]
Feudal
9:35
Castle
26:21
Imperial
—
| APM avg | 95.7 |
| APM peak | 166 |
| eAPM avg | 33.8 |
| Villagers / military | 58 / 26 |
Focus
⚔️ 31.2% · 🌾 68.8%
Archer ×24 · Mangonel ×1 · Scout Cavalry ×1
Feudal
14:56
Castle
—
Imperial
—
| APM avg | 47.0 |
| APM peak | 87 |
| eAPM avg | 24.9 |
| Villagers / military | 44 / 4 |
Focus
⚔️ 36.2% · 🌾 63.8%
Militia ×4
Match map
Initial resources + every placement click. Lines = walls · curves = elevation contours. ◆ gold · ⬟ stone · ● berries · ✦ relic · ◌ wall gap
Your base· Open — 4t gap
MztK | FeNiX's base· Open — 5t gap
Smoothed initial terrain · ◌ = detected wall gap · hover for details
Inputs per minute
— Penéfago - - MztK | FeNiX
Build order — Penéfago
First 150 of 182 actions detected
| 0:00 | Queue | Villager (Male) |
| 0:00 | Queue | Villager (Male) |
| 0:00 | Queue | Villager (Male) |
| 0:01 | Queue | Villager (Male) |
| 0:01 | Queue | Villager (Male) |
| 0:02 | Build | House |
| 0:04 | Build | House |
| 1:24 | Queue | Villager (Male) |
| 1:24 | Queue | Villager (Male) |
| 1:54 | Build | Lumber Camp |
| 1:56 | Queue | Villager (Male) |
| 2:32 | Queue | Villager (Male) |
| 2:32 | Queue | Villager (Male) |
| 3:03 | Queue | Villager (Male) |
| 3:03 | Queue | Villager (Male) |
| 3:03 | Queue | Villager (Male) |
| 3:03 | Queue | Villager (Male) |
| 3:39 | Queue | Villager (Male) |
| 3:41 | Queue | Villager (Male) |
| 4:00 | Build | House |
| 4:20 | Build | House |
| 4:37 | Queue | Villager (Male) |
| 4:38 | Queue | Villager (Male) |
| 4:56 | Build | Mill |
| 5:10 | Queue | Villager (Male) |
| 5:24 | Queue | Villager (Male) |
| 5:33 | Research | Loom |
| 5:49 | Build | Palisade Gate |
| 6:57 | Queue | Villager (Male) |
| 7:25 | Research | Feudal Age |
| 7:25 | Research | Feudal Age |
| 7:45 | Build | Palisade Wall |
| 8:02 | Build | Barracks |
| 8:17 | Build | Palisade Wall |
| 8:18 | Build | Palisade Wall |
| 8:19 | Build | Palisade Wall |
| 8:34 | Build | Mining Camp |
| 8:36 | Build | Palisade Wall |
| 8:37 | Build | Palisade Wall |
| 9:05 | Build | House |
| 9:06 | Build | Palisade Wall |
| 9:18 | Queue | Villager (Male) |
| 9:19 | Queue | Villager (Male) |
| 9:19 | Queue | Villager (Male) |
| 9:35 | Age | Feudal Age |
| 9:37 | Build | Archery Range |
| 9:40 | Queue | Villager (Male) |
| 9:41 | Queue | Villager (Male) |
| 9:45 | Research | Double-Bit Axe |
| 10:02 | Build | Palisade Wall |
| 10:03 | Build | Palisade Wall |
| 10:08 | Build | Palisade Wall |
| 10:11 | Build | Palisade Wall |
| 10:13 | Build | Palisade Wall |
| 10:19 | Queue | Archer |
| 10:19 | Queue | Archer |
| 10:19 | Queue | Archer |
| 10:32 | Queue | Archer |
| 10:43 | Queue | Villager (Male) |
| 11:01 | Build | Blacksmith |
| 11:15 | Build | Palisade Wall |
| 11:24 | Build | House |
| 11:26 | Build | House |
| 11:35 | Research | Fletching |
| 11:35 | Research | Fletching |
| 11:44 | Build | House |
| 11:45 | Build | House |
| 11:46 | Build | House |
| 11:47 | Build | Palisade Wall |
| 11:48 | Build | Palisade Wall |
| 11:59 | Queue | Archer |
| 12:32 | Queue | Villager (Male) |
| 12:44 | Build | Palisade Wall |
| 12:47 | Build | Palisade Wall |
| 12:48 | Queue | Archer |
| 13:13 | Build | Town Center |
| 14:08 | Build | House |
| 14:13 | Queue | Archer |
| 14:13 | Queue | Archer |
| 14:42 | Queue | Archer |
| 14:44 | Queue | Villager (Male) |
| 14:44 | Queue | Villager (Male) |
| 14:44 | Queue | Villager (Male) |
| 14:45 | Queue | Villager (Male) |
| 14:49 | Build | House |
| 15:06 | Queue | Archer |
| 15:11 | Build | Palisade Wall |
| 15:12 | Build | Palisade Wall |
| 15:18 | Build | Palisade Wall |
| 15:37 | Queue | Villager (Male) |
| 15:37 | Queue | Villager (Male) |
| 15:55 | Research | Padded Archer Armor |
| 15:55 | Research | Padded Archer Armor |
| 16:33 | Queue | Villager (Male) |
| 16:33 | Queue | Villager (Male) |
| 17:02 | Queue | Villager (Male) |
| 17:02 | Queue | Villager (Male) |
| 17:04 | Queue | Archer |
| 17:04 | Queue | Archer |
| 17:12 | Queue | Archer |
| 17:14 | Build | Archery Range |
| 17:19 | Build | Stable |
| 17:25 | Build | Mill |
| 17:28 | Build | Farm |
| 18:06 | Queue | Archer |
| 18:06 | Queue | Archer |
| 18:09 | Build | Farm |
| 18:10 | Build | Farm |
| 18:11 | Queue | Villager (Male) |
| 18:14 | Research | Town Watch |
| 18:16 | Build | Farm |
| 18:18 | Build | Farm |
| 18:34 | Queue | Scout Cavalry |
| 18:37 | Build | Farm |
| 18:46 | Build | House |
| 18:51 | Queue | Villager (Male) |
| 20:11 | Queue | Villager (Male) |
| 20:11 | Queue | Villager (Male) |
| 20:11 | Queue | Villager (Male) |
| 20:15 | Build | Farm |
| 20:17 | Build | Farm |
| 20:18 | Queue | Archer |
| 20:19 | Queue | Archer |
| 20:27 | Queue | Archer |
| 20:27 | Queue | Archer |
| 20:35 | Queue | Archer |
| 21:09 | Queue | Villager (Male) |
| 21:10 | Queue | Villager (Male) |
| 21:28 | Queue | Villager (Male) |
| 21:43 | Build | Mill |
| 21:44 | Build | Farm |
| 21:44 | Build | Farm |
| 21:44 | Build | Farm |
| 21:44 | Build | Farm |
| 21:45 | Build | Farm |
| 21:45 | Build | Farm |
| 21:45 | Build | Farm |
| 21:50 | Queue | Archer |
| 22:09 | Queue | Villager (Male) |
| 22:15 | Queue | Villager (Male) |
| 22:30 | Build | House |
| 22:33 | Build | House |
| 22:35 | Build | Farm |
| 22:45 | Queue | Villager (Male) |
| 22:48 | Queue | Villager (Male) |
| 23:41 | Research | Castle Age |
| 23:41 | Research | Castle Age |
| 23:50 | Build | Outpost |
| 23:56 | Build | Farm |
| 24:26 | Build | Farm |
Build order — MztK | FeNiX
78 actions detected in the replay
| 0:00 | Queue | Villager (Male) |
| 0:02 | Build | House |
| 0:04 | Build | House |
| 0:25 | Queue | Villager (Male) |
| 0:26 | Queue | Villager (Male) |
| 0:26 | Queue | Villager (Male) |
| 0:26 | Queue | Villager (Male) |
| 1:23 | Queue | Villager (Male) |
| 1:23 | Queue | Villager (Male) |
| 1:57 | Queue | Villager (Male) |
| 2:27 | Build | Barracks |
| 2:28 | Build | House |
| 2:38 | Queue | Villager (Male) |
| 3:04 | Queue | Villager (Male) |
| 3:19 | Queue | Militia |
| 3:19 | Queue | Militia |
| 3:29 | Queue | Villager (Male) |
| 3:45 | Build | House |
| 3:58 | Queue | Villager (Male) |
| 4:09 | Queue | Militia |
| 4:09 | Queue | Militia |
| 4:25 | Queue | Villager (Male) |
| 4:39 | Queue | Villager (Male) |
| 4:40 | Queue | Villager (Male) |
| 5:03 | Queue | Villager (Male) |
| 5:05 | Queue | Villager (Male) |
| 5:05 | Queue | Villager (Male) |
| 5:31 | Queue | Villager (Male) |
| 5:31 | Queue | Villager (Male) |
| 5:35 | Build | House |
| 6:03 | Queue | Villager (Male) |
| 6:03 | Queue | Villager (Male) |
| 6:30 | Queue | Villager (Male) |
| 6:30 | Queue | Villager (Male) |
| 6:50 | Queue | Villager (Male) |
| 7:04 | Build | Lumber Camp |
| 7:36 | Build | Lumber Camp |
| 7:56 | Research | Loom |
| 7:56 | Research | Loom |
| 8:38 | Queue | Villager (Male) |
| 8:41 | Queue | Villager (Male) |
| 9:15 | Queue | Villager (Male) |
| 9:17 | Build | Mill |
| 9:33 | Build | House |
| 10:06 | Build | Town Center |
| 10:09 | Build | Town Center |
| 10:41 | Build | Mill |
| 10:58 | Queue | Villager (Male) |
| 10:58 | Queue | Villager (Male) |
| 11:47 | Queue | Villager (Male) |
| 12:52 | Research | Feudal Age |
| 12:53 | Research | Feudal Age |
| 14:52 | Queue | Villager (Male) |
| 14:53 | Queue | Villager (Male) |
| 14:53 | Queue | Villager (Male) |
| 14:56 | Age | Feudal Age |
| 15:12 | Build | Watch Tower |
| 15:19 | Queue | Villager (Male) |
| 15:53 | Build | House |
| 16:50 | Build | Mining Camp |
| 17:00 | Build | Watch Tower |
| 17:02 | Queue | Villager (Male) |
| 17:06 | Build | Watch Tower |
| 18:23 | Queue | Villager (Male) |
| 18:23 | Queue | Villager (Male) |
| 18:23 | Queue | Villager (Male) |
| 18:23 | Queue | Villager (Male) |
| 18:24 | Queue | Villager (Male) |
| 18:24 | Queue | Villager (Male) |
| 20:11 | Build | Watch Tower |
| 20:46 | Build | Palisade Wall |
| 20:49 | Build | Palisade Wall |
| 22:55 | Build | Watch Tower |
| 23:47 | Build | Watch Tower |
| 23:56 | Build | Watch Tower |
| 25:21 | Build | Market |
| 27:01 | Queue | Villager (Male) |
| 27:01 | Queue | Villager (Male) |
Match timeline
| 2:27 | MztK | FeNiX · first_building Barracks |
| 7:45 | Penéfago · wall_segment Palisade Wall x1 |
| 8:02 | Penéfago · first_building Barracks |
| 8:17 | Penéfago · wall_segment Palisade Wall x1 |
| 8:18 | Penéfago · wall_segment Palisade Wall x1 |
| 8:19 | Penéfago · wall_segment Palisade Wall x1 |
| 8:36 | Penéfago · wall_segment Palisade Wall x1 |
| 8:37 | Penéfago · wall_segment Palisade Wall x1 |
| 9:06 | Penéfago · wall_segment Palisade Wall x3 |
| 9:35 | Penéfago · age_up feudal |
| 9:37 | Penéfago · first_building Archery Range |
| 10:02 | Penéfago · wall_segment Palisade Wall x1 |
| 10:03 | Penéfago · wall_segment Palisade Wall x1 |
| 10:08 | Penéfago · wall_segment Palisade Wall x1 |
| 10:11 | Penéfago · wall_segment Palisade Wall x1 |
| 10:13 | Penéfago · wall_segment Palisade Wall x1 |
| 11:15 | Penéfago · wall_segment Palisade Wall x1 |
| 11:47 | Penéfago · wall_segment Palisade Wall x1 |
| 11:48 | Penéfago · wall_segment Palisade Wall x1 |
| 12:44 | Penéfago · wall_segment Palisade Wall x1 |
| 12:47 | Penéfago · wall_segment Palisade Wall x2 |
| 14:56 | MztK | FeNiX · age_up feudal |
| 15:11 | Penéfago · wall_segment Palisade Wall x1 |
| 15:12 | Penéfago · wall_segment Palisade Wall x1 |
| 15:18 | Penéfago · wall_segment Palisade Wall x1 |
| 17:19 | Penéfago · first_building Stable |
| 20:46 | MztK | FeNiX · wall_segment Palisade Wall x1 |
| 20:49 | MztK | FeNiX · wall_segment Palisade Wall x1 |
| 26:00 | MztK | FeNiX · first_market_buy 500 food |
| 26:21 | Penéfago · age_up castle |
| 26:29 | Penéfago · first_building Siege Workshop |
| 27:21 | MztK | FeNiX · resign |
[ AI ANALYSIS · 1 CREDIT ]
What really happened in this match?
Wolo.gg analyzes every decision: build order, eco, micro, common mistakes by bracket. Personalized analysis on WhatsApp or Discord in 30 seconds.
Civ guide
Ethiopians
Perfil
Jugador #4518241